TOP OF THE 1ST |
Los Angeles (NYP) Dodgers batting - Pitching for State College Spikes : LHP Juan Ramirez
|
Pitching: LHP Juan Ramirez
|
|
Batting: RHB Theo Schepers
|
0-0: Ball 1-0: Swinging Strike 1-1: Foul Ball, location: 2F 1-2: Ball 2-2: Strikes out looking
|
Batting: RHB Ruben Serrata
|
0-0: Ball 1-0: Called Strike 1-1: Ball 2-1: Swinging Strike 2-2: SINGLE (Line Drive, 6MD, EV 94.4 MPH)
|
Batting: SHB Guy Jerome
|
0-0: Called Strike 0-1: Ball 1-1: Ball Ruben Serrata is caught stealing 2nd base 2-4 2-1: Foul Ball, location: 2F 2-2: Strikes out swinging
|
Top of the 1st over - 0 runs, 1 hit, 0 errors, 0 left on base; Los Angeles (NYP) 0 - State College 0 |
BOTTOM OF THE 1ST |
State College Spikes batting - Pitching for Los Angeles (NYP) Dodgers : RHP Alberto Castillo
|
Pitching: RHP Alberto Castillo
|
|
Batting: RHB Ben Politi
|
0-0: Ball 1-0: Ball 2-0: Foul Ball, location: 2F 2-1: Ball 3-1: Bunted foul 3-2: Foul Ball, location: 2F 3-2: Ground out 5-3 (Groundball, 5, EV 83.1 MPH)
|
Batting: RHB Pat Scaturro
|
0-0: Fly out, F6 (Line Drive, 6, EV 69.4 MPH)
|
Batting: LHB Ken Morehead
|
0-0: Called Strike 0-1: Called Strike 0-2: Strikes out swinging
|
Bottom of the 1st over - 0 runs, 0 hits, 0 errors, 0 left on base; Los Angeles (NYP) 0 - State College 0 |
TOP OF THE 2ND |
Los Angeles (NYP) Dodgers batting - Pitching for State College Spikes : LHP Juan Ramirez
|
Batting: RHB Manny Mendoza
|
0-0: Called Strike 0-1: Swinging Strike 0-2: Ball 1-2: Foul Ball, location: 2F 1-2: Strikes out swinging
|
Batting: LHB Chris Buchan
|
0-0: Foul Ball, location: 2F 0-1: Called Strike 0-2: Ball 1-2: Fly out, F8 (Flyball, 8RM, EV 96.9 MPH)
|
Batting: RHB Javier Solis
|
0-0: Called Strike 0-1: Ball 1-1: Ball 2-1: Called Strike 2-2: Strikes out swinging
|
Top of the 2nd over - 0 runs, 0 hits, 0 errors, 0 left on base; Los Angeles (NYP) 0 - State College 0 |
BOTTOM OF THE 2ND |
State College Spikes batting - Pitching for Los Angeles (NYP) Dodgers : RHP Alberto Castillo
|
Batting: LHB Ignacio Ocampo
|
0-0: Fly out, F8 (Flyball, 8LM, EV 88.8 MPH)
|
Batting: SHB Justin Houser
|
0-0: Swinging Strike 0-1: Fly out, F8 (Flyball, 8RS, EV 91.9 MPH)
|
Batting: LHB Keith Rice
|
0-0: Ball 1-0: Called Strike 1-1: Ground out 4-3 (Groundball, 4, EV 89.4 MPH)
|
Bottom of the 2nd over - 0 runs, 0 hits, 0 errors, 0 left on base; Los Angeles (NYP) 0 - State College 0 |
TOP OF THE 3RD |
Los Angeles (NYP) Dodgers batting - Pitching for State College Spikes : LHP Juan Ramirez
|
Batting: LHB Fernão Manta
|
0-0: Called Strike 0-1: Foul Ball, location: 2F 0-2: Ball 1-2: Foul Ball, location: 2F 1-2: Foul Ball, location: 2F 1-2: Ball 2-2: Ground out 2-3 (Groundball, 13S, EV 70.0 MPH)
|
Batting: RHB Juan Gallegos
|
0-0: Foul Ball, location: 2F 0-1: Ball 1-1: Swinging Strike 1-2: Strikes out swinging
|
Batting: LHB Bobby Gambrell
|
0-0: TRIPLE (Line Drive, 89XD, EV 108.1 MPH)
|
Batting: RHB Theo Schepers
|
0-0: Called Strike 0-1: Ball 1-1: Ball 2-1: Ball 3-1: Foul Ball, location: 2F 3-2: Base on Balls
|
Batting: RHB Ruben Serrata
|
0-0: Foul Ball, location: 2F 0-1: SINGLE (Groundball, 56, EV 95.0 MPH) Bobby Gambrell scores Theo Schepers to second
|
Batting: SHB Guy Jerome
|
0-0: Foul Ball, location: 2F 0-1: Ball 1-1: Foul Ball, location: 2F 1-2: Ball 2-2: Strikes out swinging
|
Top of the 3rd over - 1 run, 2 hits, 0 errors, 2 left on base; Los Angeles (NYP) 1 - State College 0 |
BOTTOM OF THE 3RD |
State College Spikes batting - Pitching for Los Angeles (NYP) Dodgers : RHP Alberto Castillo
|
Batting: LHB Billy Lang
|
0-0: Ball 1-0: Ball 2-0: Called Strike 2-1: TRIPLE (Flyball, 89XD, EV 108.8 MPH)
|
Batting: RHB Kyle Burns
|
0-0: Ball 1-0: Foul Ball, location: 2F 1-1: Called Strike 1-2: Ball 2-2: Fly out, F4 (Line Drive, 4, EV 71.2 MPH)
|
Batting: RHB Bobby Miles
|
0-0: Foul Ball, location: 2F 0-1: Called Strike 0-2: Ball 1-2: Foul Ball, location: 2F 1-2: Fly out, F9 (Flyball, 9S, EV 87.5 MPH)
|
Batting: RHB Ben Politi
|
0-0: Called Strike 0-1: Fly out, F9 (Line Drive, 89M, EV 92.5 MPH)
|
Bottom of the 3rd over - 0 runs, 1 hit, 0 errors, 1 left on base; Los Angeles (NYP) 1 - State College 0 |
TOP OF THE 4TH |
Los Angeles (NYP) Dodgers batting - Pitching for State College Spikes : LHP Juan Ramirez
|
Batting: RHB Manny Mendoza
|
0-0: SOLO HOME RUN (Flyball, 7D, EV 98.8 MPH), Distance : 389 ft
|
Batting: LHB Chris Buchan
|
0-0: Ball 1-0: Swinging Strike 1-1: Ball 2-1: Foul Ball, location: 2F 2-2: Foul Ball, location: 2F 2-2: Foul Ball, location: 2F 2-2: SINGLE (Groundball, 4M, EV 100.6 MPH) (infield hit)
|
Batting: RHB Javier Solis
|
0-0: Ball 1-0: Ball 2-0: Ball 3-0: Swinging Strike 3-1: Foul Ball, location: 2F 3-2: Strikes out swinging
|
Batting: LHB Fernão Manta
|
0-0: Called Strike 0-1: Foul Ball, location: 2F 0-2: Strikes out swinging
|
Batting: RHB Juan Gallegos
|
0-0: Called Strike 0-1: Swinging Strike 0-2: Foul Ball, location: 2F 0-2: Strikes out swinging
|
Top of the 4th over - 1 run, 2 hits, 0 errors, 1 left on base; Los Angeles (NYP) 2 - State College 0 |
BOTTOM OF THE 4TH |
State College Spikes batting - Pitching for Los Angeles (NYP) Dodgers : RHP Alberto Castillo
|
Batting: RHB Pat Scaturro
|
0-0: Called Strike 0-1: Swinging Strike 0-2: Foul Ball, location: 2F 0-2: Ball 1-2: Foul Ball, location: 2F 1-2: Ball 2-2: Ground out 4-3 (Groundball, 4, EV 103.1 MPH)
|
Batting: LHB Ken Morehead
|
0-0: Foul Ball, location: 2F 0-1: Ball 1-1: Swinging Strike 1-2: Strikes out swinging
|
Batting: LHB Ignacio Ocampo
|
0-0: Foul Ball, location: 2F 0-1: Called Strike 0-2: SINGLE (Line Drive, 56D, EV 98.8 MPH)
|
Batting: SHB Justin Houser
|
0-0: Called Strike Pickoff Play to 1st, Runner tries for 2nd, OUT after rundown.
|
Bottom of the 4th over - 0 runs, 1 hit, 0 errors, 0 left on base; Los Angeles (NYP) 2 - State College 0 |
TOP OF THE 5TH |
Los Angeles (NYP) Dodgers batting - Pitching for State College Spikes : LHP Juan Ramirez
|
Batting: LHB Bobby Gambrell
|
0-0: Ball 1-0: Ground out 6-3 (Groundball, 6M, EV 85.6 MPH)
|
Batting: RHB Theo Schepers
|
0-0: Called Strike 0-1: Ball 1-1: Ground out 6-3 (Groundball, 56, EV 101.2 MPH)
|
Batting: RHB Ruben Serrata
|
0-0: Called Strike 0-1: SINGLE (Line Drive, 6D, EV 100.6 MPH)
|
Batting: SHB Guy Jerome
|
0-0: TRIPLE (Line Drive, 89XD, EV 103.1 MPH) Ruben Serrata scores
|
Batting: RHB Manny Mendoza
|
0-0: Ball 1-0: Foul Ball, location: 2F 1-1: Swinging Strike 1-2: Ball 2-2: Ball 3-2: Base on Balls
|
Batting: LHB Chris Buchan
|
0-0: Ball 1-0: SINGLE (Groundball, 34D, EV 103.8 MPH) Guy Jerome scores Manny Mendoza to second Runner from 2nd tries for 3rd, SAFE, throw by RF made to third
|
Batting: RHB Javier Solis
|
0-0: Ball 1-0: Foul Ball, location: 2F 1-1: Foul Ball, location: 2F 1-2: Strikes out swinging
|
Top of the 5th over - 2 runs, 3 hits, 0 errors, 2 left on base; Los Angeles (NYP) 4 - State College 0 |
BOTTOM OF THE 5TH |
State College Spikes batting - Pitching for Los Angeles (NYP) Dodgers : RHP Alberto Castillo
|
Batting: SHB Justin Houser
|
0-0: Called Strike 0-1: Called Strike 0-2: Ball 1-2: Ball 2-2: Ball 3-2: Strikes out swinging
|
Batting: LHB Keith Rice
|
0-0: Foul Ball, location: 2F 0-1: Swinging Strike 0-2: Foul Ball, location: 2F 0-2: Ball 1-2: Strikes out swinging
|
Batting: LHB Billy Lang
|
0-0: Called Strike 0-1: Ball 1-1: Swinging Strike 1-2: Ball 2-2: Ground out 6-3 (Groundball, 6, EV 91.2 MPH)
|
Bottom of the 5th over - 0 runs, 0 hits, 0 errors, 0 left on base; Los Angeles (NYP) 4 - State College 0 |
TOP OF THE 6TH |
Los Angeles (NYP) Dodgers batting - Pitching for State College Spikes : LHP Juan Ramirez
|
Batting: LHB Fernão Manta
|
0-0: Swinging Strike 0-1: Foul Ball, location: 2F 0-2: Ball 1-2: Foul Ball, location: 2F 1-2: Ball 2-2: Ball 3-2: Strikes out swinging
|
Pitching: LHP Andy Huguet
|
|
Batting: RHB Juan Gallegos
|
0-0: Foul Ball, location: 2F 0-1: Ball 1-1: Foul Ball, location: 2F 1-2: Strikes out swinging, 2-3 out at first.
|
Batting: LHB Bobby Gambrell
|
0-0: Swinging Strike 0-1: Foul Ball, location: 2F 0-2: Strikes out swinging, 2-3 out at first.
|
Top of the 6th over - 0 runs, 0 hits, 0 errors, 0 left on base; Los Angeles (NYP) 4 - State College 0 |
BOTTOM OF THE 6TH |
State College Spikes batting - Pitching for Los Angeles (NYP) Dodgers : RHP Alberto Castillo
|
Batting: RHB Kyle Burns
|
0-0: Ball 1-0: Called Strike 1-1: Ball 2-1: Ball 3-1: Called Strike 3-2: SINGLE (Groundball, 4MD, EV 94.4 MPH)
|
Batting: RHB Bobby Miles
|
0-0: Called Strike 0-1: Ball 1-1: Fielders Choice at 2nd, 4-6 (Groundball, 4M, EV 96.2 MPH)
|
Batting: RHB Ben Politi
|
0-0: Ball 1-0: SINGLE (Line Drive, 34, EV 88.1 MPH) Bobby Miles to second Runner from 2nd tries for 3rd, SAFE, no throw by RF
|
Batting: RHB Pat Scaturro
|
0-0: Ball 1-0: Called Strike Ben Politi steals 2nd base 1-1: Ball 2-1: Ball 3-1: Called Strike 3-2: Base on Balls
|
Batting: LHB Ken Morehead
|
0-0: Ball 1-0: Ball 2-0: Foul Ball, location: 2F 2-1: SINGLE (Groundball, 56D, EV 96.9 MPH) Bobby Miles scores Ben Politi to third Pat Scaturro to second Runner from 3rd tries for Home, SAFE, throw by LF to home
|
Batting: LHB Ignacio Ocampo
|
0-0: Called Strike 0-1: Foul Ball, location: 2F 0-2: Ball 1-2: Ball 2-2: Ball 3-2: Base on Balls Pat Scaturro to third Ken Morehead to second
|
Batting: SHB Justin Houser
|
0-0: Ball 1-0: Foul Ball, location: 2F 1-1: Called Strike 1-2: Ball 2-2: GRAND SLAM HOME RUN (Flyball, 9LD, EV 93.1 MPH), Distance : 341 ft
|
Pitching: LHP Kai Klindt
|
|
Batting: LHB Keith Rice
|
0-0: Called Strike 0-1: SINGLE (Groundball, 34D, EV 93.8 MPH)
|
Batting: LHB Billy Lang
|
0-0: Called Strike 0-1: Ball 1-1: Fly out, F8 (Line Drive, 8LM, EV 91.9 MPH)
|
Batting: RHB Kyle Burns
|
0-0: Ball 1-0: Fly out, F9 (Flyball, 9, EV 86.2 MPH)
|
Bottom of the 6th over - 6 runs, 5 hits, 0 errors, 1 left on base; Los Angeles (NYP) 4 - State College 6 |
TOP OF THE 7TH |
Los Angeles (NYP) Dodgers batting - Pitching for State College Spikes : LHP Andy Huguet
|
Batting: RHB Theo Schepers
|
0-0: Swinging Strike 0-1: Swinging Strike 0-2: Ball 1-2: Hit by Pitch
|
Batting: RHB Ruben Serrata
|
0-0: Foul Ball, location: 2F 0-1: Ball 1-1: Ball Wild Pitch! Theo Schepers to second 2-1: Ball 3-1: Called Strike 3-2: Base on Balls
|
Pinch Hitting: RHB Robby Cuellar
|
0-0: Swinging Strike 0-1: Ball 1-1: Foul Ball, location: 2F 1-2: Strikes out swinging
|
Batting: RHB Manny Mendoza
|
0-0: Called Strike 0-1: Called Strike 0-2: Strikes out swinging
|
Batting: LHB Chris Buchan
|
0-0: Called Strike 0-1: Ball 1-1: Foul Ball, location: 2F 1-2: Foul Ball, location: 2F 1-2: Ball 2-2: Fly out, F8 (Flyball, 8LD, EV 101.2 MPH)
|
Top of the 7th over - 0 runs, 0 hits, 0 errors, 2 left on base; Los Angeles (NYP) 4 - State College 6 |
BOTTOM OF THE 7TH |
State College Spikes batting - Pitching for Los Angeles (NYP) Dodgers : LHP Kai Klindt
|
Now at 2B: Theo Schepers
|
|
Now at SS: Jim Jardine
|
|
Batting: RHB Bobby Miles
|
0-0: SINGLE (Line Drive, 7S, EV 109.4 MPH)
|
Batting: RHB Ben Politi
|
0-0: Bunted foul 0-1: Called Strike Bobby Miles steals 2nd base 0-2: Ball 1-2: Fly out, F7 (Line Drive, 7LS, EV 98.1 MPH)
|
Batting: RHB Pat Scaturro
|
0-0: Intentional Walk
|
Batting: LHB Ken Morehead
|
0-0: Ball 1-0: Called Strike 1-1: Ball 2-1: Swinging Strike 2-2: Strikes out swinging
|
Batting: LHB Ignacio Ocampo
|
0-0: Reached on error, E7 (Flyball, 7, EV 91.9 MPH) Bobby Miles scores Pat Scaturro to third
|
Batting: SHB Justin Houser
|
0-0: Ground out 6-3 (Groundball, 6M, EV 85.6 MPH)
|
Bottom of the 7th over - 1 run, 1 hit, 1 error, 2 left on base; Los Angeles (NYP) 4 - State College 7 |
TOP OF THE 8TH |
Los Angeles (NYP) Dodgers batting - Pitching for State College Spikes : LHP Andy Huguet
|
Batting: RHB Javier Solis
|
0-0: Called Strike 0-1: Ball 1-1: Hit by Pitch
|
Batting: LHB Fernão Manta
|
0-0: Ball 1-0: Foul Ball, location: 2F 1-1: Ball 2-1: Ball Wild Pitch! Javier Solis to second 3-1: Base on Balls
|
Batting: RHB Juan Gallegos
|
0-0: Foul Ball, location: 2F 0-1: Called Strike 0-2: Strikes out swinging
|
Batting: LHB Bobby Gambrell
|
0-0: Ball 1-0: Ball 2-0: Foul Ball, location: 2F 2-1: Called Strike 2-2: Foul Ball, location: 2F 2-2: Foul Ball, location: 2F 2-2: Foul Ball, location: 2F 2-2: Ball 3-2: Strikes out swinging
|
Batting: RHB Theo Schepers
|
0-0: Called Strike 0-1: Ball 1-1: Ball 2-1: Ball Wild Pitch! Javier Solis to third Fernão Manta to second 3-1: Base on Balls
|
Pitching: RHP Joe Cornell
|
|
Batting: RHB Ruben Serrata
|
0-0: Called Strike 0-1: Foul Ball, location: 2F 0-2: Ball 1-2: Ball 2-2: Ball 3-2: Base on Balls Javier Solis scores Fernão Manta to third Theo Schepers to second
|
Batting: LHB Jim Jardine
|
0-0: Called Strike 0-1: Ground out U3 (Groundball, 3L, EV 109.4 MPH)
|
Top of the 8th over - 1 run, 0 hits, 0 errors, 3 left on base; Los Angeles (NYP) 5 - State College 7 |
BOTTOM OF THE 8TH |
State College Spikes batting - Pitching for Los Angeles (NYP) Dodgers : LHP Kai Klindt
|
Batting: LHB Keith Rice
|
0-0: Ground out 1-3 (Groundball, 13, EV 75.6 MPH)
|
Batting: LHB Billy Lang
|
0-0: Called Strike 0-1: Ball 1-1: Ball 2-1: Foul Ball, location: 2F 2-2: Strikes out swinging
|
Batting: RHB Kyle Burns
|
0-0: Ball 1-0: Foul Ball, location: 2F 1-1: Called Strike 1-2: Foul Ball, location: 2F 1-2: Foul Ball, location: 2F 1-2: Ball 2-2: Fly out, F7 (Flyball, 7, EV 81.2 MPH)
|
Bottom of the 8th over - 0 runs, 0 hits, 0 errors, 0 left on base; Los Angeles (NYP) 5 - State College 7 |
TOP OF THE 9TH |
Los Angeles (NYP) Dodgers batting - Pitching for State College Spikes : RHP Joe Cornell
|
Now in LF: Hank Arias
|
|
Batting: RHB Manny Mendoza
|
0-0: Ball 1-0: Fly out, F8 (Flyball, 8LD, EV 96.2 MPH)
|
Batting: LHB Chris Buchan
|
0-0: Ball 1-0: Foul Ball, location: 2F 1-1: Ball 2-1: SOLO HOME RUN (Flyball, 9D, EV 98.1 MPH), Distance : 373 ft
|
Batting: RHB Javier Solis
|
0-0: Called Strike 0-1: Fly out, F7 (Flyball, 78S, EV 89.4 MPH)
|
Batting: LHB Fernão Manta
|
0-0: Called Strike 0-1: Called Strike 0-2: Ball 1-2: Ball 2-2: Ball 3-2: Foul Ball, location: 2F 3-2: Strikes out looking
|
Top of the 9th over - 1 run, 1 hit, 0 errors, 0 left on base; Los Angeles (NYP) 6 - State College 7 |
|